 Dungeon Crawl Stone Soup version 0.31-a0-920-g28cbb04a8c (webtiles) character file.

Game seed: 15453056017846029719

63 croobank the Ducker (level 4, -1/41 HPs)
             Began as a Gnoll Monk on Oct 17, 2023.
             Killed from afar by Sigmund (7 damage)
             ... with a magic dart
             ... on level 2 of the Dungeon.
             The game lasted 00:04:31 (1195 turns).

croobank the Ducker (Gnoll Monk)                    Turns: 1195, Time: 00:04:32

Health: -1/41      AC:  2    Str: 10    XL:     4   Next: 10%
Magic:  5/5        EV: 15    Int: 11    God:
Gold:   107        SH:  0    Dex: 15    Spells: 5/5 levels left

rFire   . . .        l - +1 sling (flame)
rCold   . . .        d - orb {light}
rNeg    . . .        b - +0 robe
rPois   +            (no helmet)
rElec   .            (no cloak)
rCorr   .            (no gloves)
SInv    .            (no boots)
Will    .....        f - amulet of reflection
Stlth   +            j - ring of poison resistance
HPRegen 0.26/turn    (no ring)
MPRegen 0.09/turn

%: reflection
@: confused, ambrosia-drunk, glowing, invisible (but backlit and visible)
A: fangs 1, strong nose, distributed training
a: no special abilities


You were on level 2 of the Dungeon.
You visited 1 branch of the dungeon, and saw 3 of its levels.

You collected 107 gold pieces.

Inventory:

Hand Weapons
 a - a +0 short sword
 l - a +1 sling of flaming (weapon)
Armour
 b - a +0 robe (worn)
 d - an orb of light (worn)
Jewellery
 f - an amulet of reflection (around neck)
 j - a ring of poison resistance (left hand)
Scrolls
 e - a scroll of poison


   Skills:
 + Level 6.6 Fighting
 + Level 6.6 Short Blades
 + Level 1.0 Long Blades
 + Level 1.0 Axes
 + Level 1.0 Maces & Flails
 + Level 1.0 Polearms
 + Level 1.0 Staves
 + Level 1.0 Ranged Weapons
 + Level 1.0 Throwing
 + Level 1.0 Armour
 + Level 6.6 Dodging
 + Level 1.0 Stealth
 + Level 1.0 Shields
 + Level 1.0 Unarmed Combat
 + Level 1.0 Spellcasting
 + Level 0.8 Conjurations
 + Level 0.8 Hexes
 + Level 0.8 Summonings
 + Level 0.8 Necromancy
 + Level 0.8 Translocations
 + Level 0.8 Transmutations
 + Level 0.8 Fire Magic
 + Level 0.8 Ice Magic
 + Level 0.8 Air Magic
 + Level 0.8 Earth Magic
 + Level 0.8 Poison Magic
 + Level 1.1 Invocations
 + Level 1.0 Evocations
 + Level 1.0 Shapeshifting


You had 5 spell levels left.
You didn't know any spells.
Your spell library contained the following spells:

 Spells                   Type           Power      Damage    Failure   Level
 Passage of Golubria      Tloc           2%         N/A       92%         4
 Silence                  Hex/Air        1%         N/A       99%         5
 Lehudib's Crystal Spear  Conj/Erth      1%         10d2      100%        8


Dungeon Overview and Level Annotations

Branches:
Dungeon (3/15)

Altars:

Annotations:
D:2 Sigmund


Innate Abilities, Weirdness & Mutations

You have very sharp teeth.
Your uncanny sense of smell can sniff out nearby items.
Your experience applies equally to all skills.


Message History

Sigmund is heavily wounded.
Sigmund points at you and mumbles some strange words.
The puff of flame hits you!
Fire: l) +1 sling (flame)
Press: ? - help, Q - select action Shift-Dir - straight line, f/p - Sigmund
Aim: Sigmund, wielding a +0 scythe and wearing a +2 robe of willpower (heavily wounded, slightly transparent, haloed, 75% to hit)
You shoot a sling bullet. The sling bullet hits Sigmund.
The sling bullet burns Sigmund.
Sigmund is heavily wounded.
Sigmund barely misses you.
Fire: l) +1 sling (flame)
Press: ? - help, Q - select action Shift-Dir - straight line, f/p - Sigmund
Aim: Sigmund, wielding a +0 scythe and wearing a +2 robe of willpower (heavily wounded, slightly transparent, haloed, 75% to hit)
You shoot a sling bullet. The sling bullet barely misses Sigmund.
A quokka comes into view.
Sigmund hits you from afar with a +0 scythe!
* * * LOW HITPOINT WARNING * * *
Okay, then.
Okay, then.
As you read the scroll labelled GYIFRE COPP, it crumbles to dust.
It is a scroll of identify.
h - a scroll of fear Sigmund hits you from afar with a +0 scythe.
* * * LOW HITPOINT WARNING * * *
As you read the scroll of fear, it crumbles to dust.
You assume a fearsome visage.
Sigmund easily resists.
The quokka looks frightened!
As you read the scroll labelled FEVABY UKYQEOH, it crumbles to dust.
You feel aware of your surroundings.
It was a scroll of revelation.
A giant cockroach comes into view.
Sigmund barely misses you.
Found 8 gold pieces and a scroll of fear.
Unknown command.
Okay, then.
You are confused.
You feel invigorated.
Sigmund points at you and mumbles some strange words.
The magic dart hits you!
You die...
Sigmund begins carving another notch in his scythe.

** **,,,** **,,,**#.#.#.##..##.#
,***,,,,,###.....##.#.#.....##.#
,,*,,,,,,.#.......#.#.......##.#
,,*,,,,,,K#..?S...#.##########.#
,,*,,,,,,.#...$...#.#### #.##.#
,***,,,,,###.....##.#### #....#
** **,,,*####...##..#### #...<#
* *****########°.##### ###### *
*,,,,.......@.###### *
*,*,*.......########
*****,*,*######@########
,,,,,,*,*######.......##
,,,,,,,,*######.B.....##
**,,,,,,,#######r.....##
,,,>,,,,,##.....###+####
,,,,,,,,,##.....###.####
,,,,,,,,,**,,,,,***,*


You could see Sigmund (invisible).

Vanquished Creatures
  Robin (D:2)
  An adder (D:2)
  A bat (D:1)
  4 endoplasms (D:1)
  A giant cockroach (D:1)
  10 goblins
  7 hobgoblins
  3 quokkas
  3 ball pythons
  A frilled lizard (D:1)
  7 rats
39 creatures vanquished.

Vanquished Creatures (others)
  A goblin (D:2)
1 creature vanquished.

Grand Total: 40 creatures vanquished

Notes
Turn   | Place    | Note
-------+----------+-------------------------------------------
     0 | D:1      | croobank the Gnoll Monk began the quest for the Orb.
     0 | D:1      | Reached XP level 1. HP: 23/23 MP: 1/1
   140 | D:1      | Reached XP level 2. HP: 28/29 MP: 2/2
   598 | D:2      | Reached XP level 3. HP: 30/35 MP: 3/3
   696 | D:2      | Noticed Robin
   833 | D:3      | Reached skill level 1 in Invocations
   946 | D:2      | Killed Robin
   947 | D:2      | Reached skill level 1 in Long Blades
   947 | D:2      | Reached skill level 1 in Axes
   947 | D:2      | Reached skill level 1 in Maces & Flails
   947 | D:2      | Reached skill level 1 in Polearms
   947 | D:2      | Reached skill level 1 in Staves
   947 | D:2      | Reached skill level 1 in Ranged Weapons
   947 | D:2      | Reached skill level 1 in Throwing
   947 | D:2      | Reached skill level 1 in Armour
   947 | D:2      | Reached skill level 1 in Stealth
   947 | D:2      | Reached skill level 1 in Shields
   947 | D:2      | Reached skill level 1 in Unarmed Combat
   947 | D:2      | Reached skill level 1 in Spellcasting
   947 | D:2      | Reached skill level 1 in Evocations
  1037 | D:2      | Reached skill level 1 in Shapeshifting
  1037 | D:2      | Reached XP level 4. HP: 36/41 MP: 5/5
  1178 | D:2      | Noticed Sigmund
  1192 | D:2      | HP: 2/41 [Sigmund/+0 scythe (5)]
  1195 | D:2      | Killed from afar by Sigmund

Illustrated notes

Levels and vault maps discovered:
D:1:      dpeg_arrival_stone_temple_mockup, layout_basic
D:2:      kennysheep_six_static_rooms, layout_basic, dilly_guarded_unrand_morg,
          uniq_robin, uniq_sigmund, uniq_natasha
D:3:      layout_rooms, dreamdust_ecumenical_altar_grove, grunt_decor_cap,
          kennysheep_orc_chapel

Skill      XL: |  1  2  3 |
---------------+----------+-----
Invocations    | 1 |  1.1
Long Blades    | 1 |  1.0
Axes           | 1 |  1.0
Maces & Flails | 1 |  1.0
Polearms       | 1 |  1.0
Staves         | 1 |  1.0
Ranged Weapons | 1 |  1.0
Throwing       | 1 |  1.0
Armour         | 1 |  1.0
Stealth        | 1 |  1.0
Shields        | 1 |  1.0
Unarmed Combat | 1 |  1.0
Spellcasting   | 1 |  1.0
Evocations     | 1 |  1.0
Shapeshifting  | 1 |  1.0
Fighting       | |  6.6
Short Blades   | |  6.6
Dodging        | |  6.6
Conjurations   | |  0.8
Hexes          | |  0.8
Summonings     | |  0.8
Necromancy     | |  0.8
Translocations | |  0.8
Transmutations | |  0.8
Fire Magic     | |  0.8
Ice Magic      | |  0.8
Air Magic      | |  0.8
Earth Magic    | |  0.8
Poison Magic   | |  0.8

Action                     |  1- 3 |  4- 6 || total
---------------------------+-------+-------++-------
  Melee: Short sword       |   149 |     2 ||   151
         Bite              |    16 |     1 ||    17
   Fire: Sling             |       |    10 ||    10
    Use: Scroll            |       |     4 ||     4
         Potion            |       |     2 ||     2
 Armour: Robe              |    54 |     8 ||    62
  Dodge: Dodged            |    73 |     7 ||    80
  Block: Orb               |    17 |       ||    17
         Reflection        |     1 |       ||     1

Table legend: (Time is in decaauts)
 A = Elapsed time spent in this place.
 B = Non-inter-level travel time spent in this place.
 C = Inter-level travel time spent in this place.
 D = Time resting spent in this place.
 E = Time spent auto-exploring this place.
 F = Levels seen in this place.
 G = Mean time per level.
                   A        B        C        D        E       F      G
               +--------+--------+--------+--------+--------+-----+--------+
         Total |   1151 |   1131 |     20 |    203 |    652 |   3 |  383.7 |
       Dungeon |   1151 |   1131 |     20 |    203 |    652 |   3 |  383.7 |
               +--------+--------+--------+--------+--------+-----+--------+

Top non-repeatable levels by time:
     D:1: 544 daAuts
     D:2: 408 daAuts
     D:3: 197 daAuts
